 Dungeon Crawl Stone Soup version 0.28-a0-823-gb444dcf96d (webtiles) character file.

Game seed: 14103640595162155719

0 meatgazer the Skirmisher (level 1, -10/18 HPs)
             Began as a Demonspawn Abyssal Knight on Nov 9, 2021.
             Was a Follower of Lugonu.
             Mangled by a tentacled starspawn (23 damage)
             ... on level 3 of the Abyss.
             The game lasted 00:00:47 (123 turns).

meatgazer the Skirmisher (Demonspawn Abyssal Knight) Turns: 123, Time: 00:00:48

Health: -10/18     AC:  3    Str: 13    XL:     1   Next: 0%
Magic:  2/2        EV: 11    Int: 11    God:    Lugonu [*.....]
Gold:   27         SH:  0    Dex: 13    Spells: 0/0 levels left

rFire   . . .      SeeInvis .   a - +1 falchion
rCold   . . .      Faith    .   (no shield)
rNeg    . . .      Spirit   .   b - +0 leather armour
rPois   .          Reflect  .   (no helmet)
rElec   .          Harm     .   (no cloak)
rCorr   .          Rampage  .   (no gloves)
Will    .....                   (no boots)
Stlth   +.........              (no amulet)
HPRegen 0.06/turn               (no ring)
MPRegen 0.08/turn               (no ring)

@: no status effects
A: no striking features
a: Renounce Religion, Depart the Abyss


You were on level 3 of the Abyss.
You worshipped Lugonu.
Lugonu was aware of your devotion.
You visited 0 branches of the dungeon, and saw 0 of its levels.
You visited the Abyss 1 time.

You collected 27 gold pieces.

Inventory:

Hand Weapons
 a - a +1 falchion (weapon)
Armour
 b - a +0 leather armour (worn)
Wands
 e - a wand of iceblast (11)
Potions
 d - a potion of attraction {unknown}


   Skills:
 + Level 3.0 Fighting
 + Level 1.7 Long Blades
 + Level 1.7 Armour
 + Level 0.8 Dodging
 + Level 2.4 Invocations


You couldn't memorise any spells.
You didn't know any spells.
Your spell library was empty.

Dungeon Overview and Level Annotations

Branches:
Dungeon (0/15)

Altars:


Message History

Press ? for a list of commands and other information.
Found a corrupted altar of Lugonu.
Found a gateway leading deeper into the Abyss.
There is a gateway leading deeper into the Abyss here.
You plunge deeper into the Abyss.
You enter the shallow water.
Moving in this stuff is going to be slow.
c - a scroll labelled TAMA OZUBLEZU
Found a shortbow.
You now have 27 gold pieces.
d - a murky inky potion
Found 16 sling bullets.
Found a gateway leading deeper into the Abyss.
There is a gateway leading deeper into the Abyss here.
You plunge deeper into the Abyss.
The abyssal rune of Zot can be found at this depth.
Found a corrupted altar of Lugonu.
e - a wand of iceblast (11)
As you read the scroll labelled TAMA OZUBLEZU, it crumbles to dust.
You feel strangely unstable.
You feel the power of the Abyss delaying your translocation!
It was a scroll of teleportation.
You are suddenly pulled into a different region of the Abyss!
A tentacled starspawn comes into view.
A tentacle flies out from the starspawn's body!
A starspawn tentacle comes into view.
Tentacles burst from the starspawn's body! 2 starspawn tentacles come into view.
Tentacles burst from the starspawn's body! 2 starspawn tentacles come into view.
The starspawn tentacle grabs you. The starspawn tentacle constricts you.
You escape the starspawn tentacle's grasp.
The starspawn tentacle grabs you. The starspawn tentacle constricts you.
The starspawn tentacle's grasp on you weakens, but your attempt to escape fails.
The starspawn tentacle loses its grip on you.
The tentacle pulls you backwards!
The starspawn tentacle closely misses you.
The tentacled starspawn bites you!!
Ouch! That really hurt!
You die...

## ############# #≈≈
≈≈≈≈≈≈≈≈≈≈.
#≈≈≈.≈≈≈≈≈≈≈≈.## #
.#.. #...Λ.≈##
###.#.##../#│#.# #
.... ###│.#│.##.# .#
# #.#..##│#w#w..#
......wX#.#...─X@≈..#
#.....w..#...#.#.≈###
.#.#.#.#.##.#....≈...
# #####
.##.####≈#.#.# ≈≈
≈≈≈≈X≈≈≈≈≈≈≈≈≈.# ...
≈≈≈≈≈.≈≈ ≈≈#. #...
.≈#≈ ≈≈.≈##. .
####X....≈≈≈≈≈ ...#
## # ...≈≈≈


You could see a tentacled starspawn and 2 starspawn tentacles.

Vanquished Creatures (others)
  4 starspawn tentacles (Abyss:3)
4 creatures vanquished.

Notes
Turn   | Place    | Note
-------+----------+-------------------------------------------
     0 | Abyss:1  | meatgazer the Demonspawn Abyssal Knight began the quest for
                  | the Orb.
     0 | Abyss:1  | Reached XP level 1. HP: 18/18 MP: 2/2
    78 | Abyss:3  | Found a corrupted altar of Lugonu.
   102 | Abyss:3  | Noticed a tentacled starspawn
   123 | Abyss:3  | Mangled by a tentacled starspawn

Illustrated notes

Levels and vault maps discovered:
Abyss:3:  base: Temple, base: Temple, nicolae_abyss_rune_star_stuff

Action                   || total
-------------------------++-------
  Use: Scroll            ||     1
Dodge: Dodged            ||     1

Table legend: (Time is in decaauts)
 A = Elapsed time spent in this place.
 B = Non-inter-level travel time spent in this place.
 C = Inter-level travel time spent in this place.
 D = Time resting spent in this place.
 E = Time spent auto-exploring this place.
 F = Levels seen in this place.
 G = Mean time per level.
                   A        B        C        D        E       F      G
               +--------+--------+--------+--------+--------+-----+--------+
         Total |    123 |    123 |      0 |      0 |     82 |   3 |   41.0 |
         Abyss |    123 |    123 |      0 |      0 |     82 |   3 |   41.0 |
               +--------+--------+--------+--------+--------+-----+--------+

Top non-repeatable levels by time:
 Abyss:2: 54 daAuts
 Abyss:3: 44 daAuts
 Abyss:1: 24 daAuts
